 Dungeon Crawl Stone Soup version 0.28.0-53-g5a82cb258f (webtiles) character file.

Game seed: 4246704893655824964

4391 Descartes the Grappler (level 10, -6/96 HPs)
             Began as a Troll Chaos Knight on July 18, 2022.
             Was a Plaything of Xom.
             Killed by divine providence
             ... invoked by an orc priest
              (13 damage)
             ... on level 7 of the Dungeon.
             The game lasted 00:18:10 (5713 turns).

Descartes the Grappler (Troll Chaos Knight)         Turns: 5713, Time: 00:18:11

Health: -6/96      AC:  2    Str: 26    XL:     10   Next: 13%
Magic:  9/9        EV: 10    Int:  8    God:    Xom [.*....]
Gold:   440        SH:  0    Dex:  9    Spells: 8/9 levels left

rFire   + . .      SeeInvis .     - Unarmed
rCold   + . .      Faith    .   (no shield)
rNeg    . . .      Spirit   .   q - +1 robe {rC+ rF+}
rPois   .          Reflect  .   (helmet restricted)
rElec   .          Harm     .   y - +0 cloak
rCorr   .          Rampage  .   (gloves unavailable)
Will    .....                   (boots unavailable)
Stlth   +.........              (no amulet)
HPRegen 1.06/turn               (no ring)
MPRegen 0.11/turn               (no ring)

@: marked, corroded
A: large, unfitting armour, claws 3, regeneration 1, shaggy fur 1, tough skin 1
a: Renounce Religion


You were on level 7 of the Dungeon.
You worshipped Xom.
You were a plaything of Xom.
You visited 2 branches of the dungeon, and saw 8 of its levels.
You also visited: Sewer.

You collected 440 gold pieces.

Inventory:

Hand Weapons
 g - a +0 dagger of holy wrath
 k - a +3 dagger of chaos
 z - a +0 giant spiked club
 B - a +5 morningstar of freezing
Missiles
 c - 148 stones (quivered)
 i - 3 poisoned darts
 l - 6 javelins
 n - 2 throwing nets
 u - 8 large rocks
 D - 4 boomerangs
Armour
 a - a +2 robe
 q - a +1 robe of resistance (worn)
 y - a +0 cloak (worn)
Jewellery
 H - a +6 ring of intelligence
Wands
 p - a wand of digging (9)
 t - a wand of paralysis (6)
 C - a wand of iceblast (10)
 F - a wand of mindburst (3)
Scrolls
 h - 3 scrolls of identify
 j - a scroll of holy word
 o - a scroll of brand weapon {unknown}
 r - 2 scrolls of blinking
 v - 3 scrolls of teleportation
 w - 2 scrolls of summoning {unknown}
 E - a scroll of immolation
 G - a scroll of enchant weapon
Potions
 d - a potion of lignification {unknown}
 e - 2 potions of ambrosia {unknown}
 f - 3 potions of curing {unknown}
 m - a potion of brilliance {unknown}
 s - a potion of cancellation {unknown}
 x - a potion of magic {unknown}
 A - 3 potions of invisibility {unknown}


   Skills:
 - Level 5.0 Fighting
 + Level 4.3 Maces & Flails
 - Level 5.0 Dodging
 + Level 11.2 Unarmed Combat
 + Level 3.1 Transmutations


You had 8 spell levels left.
You knew the following spells:

 Your Spells              Type           Power      Damage    Failure   Level
a - Beastly Appendage     Tmut           8%         N/A       12%         1

Your spell library contained the following spells:

 Spells                   Type           Power      Damage    Failure   Level
 Wereblood                Tmut           4%         N/A       19%         2
 Foxfire                  Conj/Fire      0%         2x1d4     41%         1
 Static Discharge         Conj/Air       0%         N/A       54%         2
 Spider Form              Tmut/Pois      2%         N/A       56%         3
 Conjure Flame            Conj/Fire      0%         6-21      78%         3
 Frozen Ramparts          Ice            0%         1d2       78%         3
 Inner Flame              Hex/Fire       0%         N/A       78%         3
 Stone Arrow              Conj/Erth      0%         3d7       78%         3
 Ice Form                 Ice/Tmut       2%         N/A       93%         4
 Animate Armour           Summ/Erth      0%         N/A       99%         4
 Flame Wave               Conj/Fire      0%         2d4       99%         4
 Summon Ice Beast         Ice/Summ       0%         N/A       99%         4
 Lightning Bolt           Conj/Air       0%         1d11      100%        5
 Lehudib's Crystal Spear  Conj/Erth      0%         10d2      100%        8
 Maxwell's Capacitive Co  Air            0%         ∞         100%        8


Dungeon Overview and Level Annotations

Branches:
Dungeon (7/15)             Temple (1/1) D:4           Sewer (visited)

Altars:
Ashenzari
Cheibriados
Dithmenos
Elyvilon
Fedhas
Gozag
Hepliaklqana
Kikubaaqudgha
Makhleb
Nemelex Xobeh
Okawaru
Qazlal
Ru
Sif Muna
Trog
Uskayaw
Vehumet
Wu Jian
Xom
Yredelemnul
Zin
The Shining One

Shops:
D:4 (   D:5 :


Innate Abilities, Weirdness & Mutations

You are too large for most types of armour.
You have claws for hands.
Your natural rate of healing is unusually fast.
You are covered in fur. (AC +1)
You have tough skin. (AC +1)


Message History

The orc priest looks satisfied for a moment.
Your Transmutations skill increases to level 3!
Unknown command.
You claw the jelly! The acid corrodes you!
Your claws burn!
* * * LOW HITPOINT WARNING * * *
The jelly is almost dead.
The orc priest looks braver for a moment.
The jelly barely misses you.
You scratch the jelly.
You kill the jelly!
The orc priest hits you with a +0 vorpal flail.
* * * LOW HITPOINT WARNING * * *
x2 You feel much better.
The orc priest hits you with a +0 vorpal flail.
You claw the necrophage!
The necrophage is heavily damaged.
The necrophage hits you. The orc priest closely misses you.
You closely miss the necrophage.
The necrophage is heavily damaged.
The necrophage closely misses you.
The orc priest mumbles some strange prayers to Beogh against you.
Beogh smites you!
* * * LOW HITPOINT WARNING * * *
Xom is mildly amused.
You claw the necrophage!
You destroy the necrophage!
The orc priest calls down the wrath of Beogh upon you.
Beogh smites you!
* * * LOW HITPOINT WARNING * * *
Xom is mildly amused.
You scratch the orc priest.
The orc priest is lightly wounded.
The orc priest closely misses you.
You closely miss the orc priest. Your claw misses the orc priest.
The orc priest is lightly wounded.
The orc priest hits you with a +0 vorpal flail.
* * * LOW HITPOINT WARNING * * *
x2 The orc priest invokes the aid of Beogh against you.
Beogh smites you!
You die...

#.#.## #.#.
#####....##########.#.
###....##....##.......#.
#.o......#..8..#.##......
#.##.....#..._..†........
#...oo##.8....##......
#####o##...#####......
#o####.# #...... #@# #.#
#...... #)# #.# #......
#.# #.# #...... #.# #.
#...... ... ####### ...
...... ... .##### .....


You could see 3 orc priests and an orc.

Vanquished Creatures
  The ghost of DungeonMaster the Magician, a novice DsWz of Gozag (D:6)
  A wyvern (D:7)
  A steam dragon (D:6)
  Edmund (D:5)
  A water moccasin (D:6)
  Duvessa (D:7)
  2 orc warriors
  A sky beast (D:7)
  2 necrophages
  5 ogres
  A phantom (D:6)
  5 bullfrogs
  A wyvern zombie (D:4)
  2 scorpions (D:5)
  2 water moccasin zombies
  Dowan (D:7)
  A water moccasin skeleton (D:5)
  A howler monkey (D:5)
  13 wights (D:6)
  A centaur zombie (D:6)
  A bullfrog zombie (D:6)
  4 orc priests
  4 jellies
  3 bullfrog skeletons (D:5)
  A centaur skeleton (D:5)
  Terence (D:2)
  2 scorpion zombies
  Jessica (D:2)
  7 iguanas
  Natasha (thrice) (D:2)
  4 orc wizards
  A killer bee zombie (D:7)
  Robin (D:2)
  A howler monkey skeleton (D:5)
  9 adders
  4 gnolls
  A white imp (D:7)
  An ufetubus (D:6)
  2 adder skeletons (D:2)
  An adder zombie (D:2)
  3 worms (D:4)
  2 dart slugs
  25 orcs
  5 bats
  A bat skeleton (D:2)
  12 endoplasms
  12 giant cockroaches
  12 goblins
  10 hobgoblins
  5 jackals
  9 quokkas
  12 ball pythons
  2 ball python zombies (D:2)
  9 frilled lizards
  7 kobolds
  8 rats
230 creatures vanquished.

Vanquished Creatures (collateral kills)
  A bullfrog (Sewer)
  An orc (D:7)
2 creatures vanquished.

Grand Total: 232 creatures vanquished

Notes
Turn   | Place    | Note
-------+----------+-------------------------------------------
     0 | D:1      | Descartes the Troll Chaos Knight began the quest for the
                  | Orb.
     0 | D:1      | Reached XP level 1. HP: 22/22 MP: 0/0
   147 | D:1      | Reached XP level 2. HP: 29/29 MP: 1/1
   152 | D:1      | XOM: silly message
   168 | D:1      | XOM: silly message
   451 | D:1      | XOM: summons 2 hostile demons
   562 | D:1      | Reached XP level 3. HP: 36/36 MP: 2/2
   664 | D:2      | Noticed Natasha
   681 | D:2      | Killed Natasha
   682 | D:2      | Reached XP level 4. HP: 22/45 MP: 3/3
   790 | D:2      | Noticed Robin
   796 | D:2      | Reached skill level 4 in Unarmed Combat
   813 | D:2      | XOM: chaos cloud
   817 | D:2      | XOM: chaos upgrade
   836 | D:2      | Killed Robin
   837 | D:2      | Reached XP level 5. HP: 27/44 MP: 4/4
   874 | D:2      | Noticed Terence
   880 | D:2      | Killed Terence
   904 | D:2      | Noticed Natasha
   909 | D:2      | Killed Natasha
   913 | D:2      | Noticed Jessica
   913 | D:2      | XOM: 2-stop teleportation journey
   915 | D:2      | Killed Jessica
  1094 | D:2      | Noticed Natasha
  1096 | D:2      | Killed Natasha
  1354 | D:3      | Reached XP level 6. HP: 55/58 MP: 5/5
  1478 | D:3      | XOM: 6-stop teleportation journey
  2054 | D:4      | Found a staircase to the Ecumenical Temple.
  2099 | D:4      | Reached skill level 5 in Unarmed Combat
  2217 | D:4      | Found Zaiw's Weapon Shop.
  2234 | D:4      | Reached XP level 7. HP: 70/70 MP: 6/6
  2263 | D:4      | Found a glowing drain.
  2298 | Sewer    | Entered a sewer
  2531 | Sewer    | XOM: cast spell 'Call Canine Familiar'
  3011 | Temple   | Entered the Ecumenical Temple
  3127 | D:5      | Entered Level 5 of the Dungeon
  3193 | D:5      | XOM: potion effect (haste)
  3226 | D:5      | Reached skill level 6 in Unarmed Combat
  3238 | D:5      | XOM: silly message
  3258 | D:5      | Reached skill level 5 in Fighting
  3258 | D:5      | Reached XP level 8. HP: 70/80 MP: 7/7
  3291 | D:5      | Found a burning altar of Makhleb.
  3291 | D:5      | Found an iron altar of Okawaru.
  3292 | D:5      | Found a basalt altar of Yredelemnul.
  3303 | D:5      | Reached skill level 5 in Dodging
  3303 | D:5      | Found a shimmering altar of Xom.
  3352 | D:5      | XOM: noise
  3360 | D:5      | Reached skill level 7 in Unarmed Combat
  3500 | D:5      | Found Uvyidac's Book Emporium.
  3690 | D:5      | XOM: divination: detect items
  3720 | D:5      | XOM: silly message
  3769 | D:5      | Reached skill level 8 in Unarmed Combat
  3863 | D:5      | XOM: noise
  3947 | D:5      | XOM: silly message
  3950 | D:5      | Noticed Edmund
  3960 | D:5      | Killed Edmund
  4118 | D:6      | Reached skill level 9 in Unarmed Combat
  4241 | D:6      | XOM: confuse monster(s)
  4249 | D:6      | Reached XP level 9. HP: 88/88 MP: 8/8
  4358 | D:6      | Reached skill level 10 in Unarmed Combat
  4476 | D:6      | XOM: silly message
  4499 | D:6      | XOM: potion effect (invisibility)
  4502 | D:6      | XOM: summons friendly crimson imp
  4505 | D:6      | Reached skill level 1 in Maces & Flails
  4537 | D:6      | Learned a level 1 spell: Beastly Appendage
  4567 | D:6      | XOM: noise
  4596 | D:6      | Found a large runed translucent door.
  4597 | D:6      | Found a large runed translucent door.
  4599 | D:6      | Noticed DungeonMaster's ghost (novice DsWz)
  4647 | D:6      | Reached skill level 1 in Transmutations
  4658 | D:6      | Found a shadowy altar of Dithmenos.
  4817 | D:6      | Found a bloodstained altar of Trog.
  4817 | D:6      | Found an opulent altar of Gozag.
  5045 | D:6      | XOM: torment (45/88 hp)
  5094 | D:6      | Found a glowing golden altar of the Shining One.
  5165 | D:6      | Killed DungeonMaster's ghost
  5223 | D:7      | Found a glowing silver altar of Zin.
  5262 | D:7      | Reached skill level 11 in Unarmed Combat
  5315 | D:7      | XOM: blink monster(s)
  5408 | D:6      | XOM: torment (43/88 hp)
  5556 | D:7      | XOM: cloud trail
  5593 | D:7      | Reached XP level 10. HP: 96/96 MP: 9/9
  5596 | D:7      | XOM: summons 4 hostile shadow creatures
  5635 | D:7      | Found a sparkling altar of Nemelex Xobeh.
  5685 | D:7      | Noticed Duvessa
  5685 | D:7      | Noticed Dowan
  5694 | D:7      | Killed Duvessa
  5698 | D:7      | Killed Dowan
  5701 | D:7      | XOM: noise
  5713 | D:7      | Killed from afar by an orc priest

Illustrated notes

Levels and vault maps discovered:
D:1:      dpeg_arrival_refuge, layout_basic, minmay_close_crescents
D:2:      layout_loops_ring, serial_undead, serial_undead_d, serial_undead_c,
          serial_undead_a, serial_undead_d, serial_undead_d, uniq_terence,
          uniq_robin, uniq_jessica, uniq_natasha
D:3:      layout_rooms, serial_curves, eino_curves_02, eino_curves_03,
          grunt_ministairs_6
D:4:      layout_loops_ring, minmay_temple_entry_overgrown, serial_shops,
          nicolae_shop_bloodbath_and_beyond, cheibrodos_sewer_entry_bend
D:5:      layout_basic, nicolae_overflow_quartered_altars, serial_shops, shop,
          grunt_ministairs_8, uniq_edmund
D:6:      layout_loops_ring, mainiacjoe_overflow_swirl, jmf_multi_god_temple,
          ebering_ghost_disaster_area, st_stairs_6, minmay_misc_feat_alley
D:7:      layout_basic, hangedman_feature_mirror, uniq_duvessa
Temple:   jpeg_temple_clearing

Skill      XL: |  1  2  3  4  5  6  7  8  9 10 |
---------------+-------------------------------+-----
Dodging        | 2 3 4 5 |  5.0
Fighting       | 3 4 5 |  5.0
Unarmed Combat | 4 5 6 9 11 | 11.2
Maces & Flails | 3 4 |  4.3
Transmutations | 2 3 |  3.1

Action                   |  1- 3 |  4- 6 |  7- 9 | 10-12 || total
-------------------------+-------+-------+-------+-------++-------
Melee: Unarmed           |    79 |   184 |   352 |    37 ||   652
       Punch             |     1 |     4 |    12 |     2 ||    19
  Use: Scroll            |       |     8 |       |       ||     8
       Potion            |       |       |       |     1 ||     1
 Stab: Sleeping          |       |     1 |     2 |       ||     3
       Invisible         |       |       |     3 |       ||     3
Armor: Robe              |    40 |   117 |   117 |    12 ||   286
Dodge: Dodged            |    40 |   103 |   183 |    16 ||   342
